Map: Lost and Found LE

Players

Crow - Winner!

  • Race: Zerg Zerg
  • Spawn Location: 7:00

JonSnow

  • Race: Zerg Zerg
  • Spawn Location: 1:00

Event: WCS Montreal 2018

VOD

Have the link to the VOD?

Description

Time

  • Played on: Sept. 7, 2018, 4:35 p.m.
  • Length: 9:49

All games in this series

Show
View Real Time Build Order
Export as new Build Order

Crow Zerg - Winner!

Build Orders: Hatch First, Zergling Baneling 

Get SALT Encoding   

  12  0:00  Drone  
  13  0:12  Overlord  
  13  0:17  Drone  
  14  0:30  Drone x2  
  16  0:47  Hatchery  
  15  0:51  Drone  
  15  0:54  Drone  
  17  0:57  Drone  
  18  1:08  Extractor  
  17  1:13  Spawning Pool  
  17  1:15  Drone  
  17  1:19  Drone  
  18  1:28  Drone  
  19  1:43  Drone  
  20  1:49  Drone  
  21  2:00  Drone, Queen x2  
  21  2:01  Overlord  
  26  2:08  Metabolic Boost  
  26  2:11  Zergling x4  
  28  2:22  Drone x2  
  30  2:32  Hatchery  
  30  2:35  Drone  
  30  2:44  Drone, Baneling Nest  
  30  2:47  Overlord  
  30  2:51  Drone  
  30  2:54  Drone  
  30  2:56  Drone  
  33  3:06  Zergling x4  
  33  3:09  Zergling x6  
  33  3:11  Zergling x2  
  39  3:17  Zergling x2  
  40  3:21  Overlord  
  39  3:27  Baneling x3  
  39  3:28  Drone x3  
  42  3:39  Queen  
  42  3:40  Drone  
  42  3:41  Drone x2  
  47  3:43  Zergling x2  
  47  3:44  Zergling x2  
  49  3:49  Drone  
  49  3:50  Drone  
  49  3:53  Drone  
  52  3:59  Zergling x6  
  52  4:00  Overlord  
  54  4:04  Evolution Chamber  
  54  4:07  Drone  
  54  4:08  Drone  
  54  4:09  Baneling  
  55  4:10  Baneling  
  55  4:16  Zergling x4  
  57  4:18  Baneling  
  57  4:19  Baneling  
  57  4:20  Overlord  
  57  4:23  Overlord  
  57  4:25  Zergling x6  
  57  4:26  Baneling x2  
  57  4:27  Baneling  
  57  4:29  Zergling x2  
  59  4:32  Zergling x2  
  59  4:37  Zergling x4  
  56  4:41  Zergling x2  
  56  4:42  Queen  
  56  4:43  Extractor  
  57  4:47  Zergling x4  
  58  4:55  Drone x6  
  58  4:56  Drone  
  58  4:57  Zerg Missile Weapons Level 1  
  65  5:05  Drone  
  65  5:06  Drone x2  
  68  5:10  Roach Warren  
  68  5:11  Extractor  
  68  5:14  Drone x2  
  68  5:18  Drone  
  68  5:19  Lair  
  67  5:27  Drone x3  
  68  5:30  Extractor  
  68  5:31  Overlord  
  67  5:40  Drone x4  
  67  5:42  Pneumatized Carapace  
  71  5:44  Drone x3  
  71  5:45  Drone x2  
  71  5:49  Overlord  
  75  5:55  Overlord  
  74  5:58  Roach x4  
  74  6:01  Roach  
  74  6:03  Baneling x3, Roach  
  85  6:05  Baneling  
  85  6:08  Baneling  
  85  6:09  Zergling x6  
  88  6:12  Roach  
  88  6:21  Zergling x12  
  88  6:25  Overlord  
  92  6:26  Drone x2  
  92  6:31  Roach  
  92  6:32  Roach x2  
  98  6:33  Overlord  
  98  6:35  Roach  
  98  6:38  Glial Reconstitution  
  98  6:39  Overlord  
  100  6:44  Roach x2  
  100  6:45  Roach  
  106  6:53  Overlord  
  96  6:54  Drone  
  96  6:55  Roach x2  
  96  6:57  Zerg Missile Weapons Level 2  
  100  7:01  Drone  
  100  7:02  Drone x3  
  100  7:04  Overseer  
  100  7:06  Drone x2  
  100  7:07  Extractor  
  105  7:10  Overlord  
  105  7:13  Roach  
  107  7:16  Roach x2  
  107  7:19  Hatchery, Roach  
  107  7:21  Roach  
  107  7:22  Roach  
  116  7:26  Roach x2  
  116  7:27  Roach  
  122  7:30  Roach x2  
  122  7:36  Roach x3  
  132  7:39  Roach x2  
  132  7:41  Overlord  
  132  7:43  Overlord  
  136  7:46  Roach  
  136  7:47  Roach  
  140  7:52  Overlord x2  
  140  7:56  Roach x2  
  140  7:57  Roach  
  146  8:03  Roach x4  
  154  8:11  Roach x3  
  160  8:14  Roach  
  160  8:15  Roach x2  
  154  8:27  Roach x3  
  154  8:32  Roach x4  
  154  8:33  Roach x3  
  162  8:37  Roach x2  
  162  8:41  Roach x3  
  159  8:46  Roach x3  
  157  8:49  Roach  
  157  8:53  Roach x2  
  157  8:55  Ravager x2  
  163  8:57  Ravager  
  163  9:00  Roach  
  163  9:01  Extractor, Roach  
  163  9:02  Drone x3  
  170  9:05  Roach  
  170  9:09  Roach x3  
  178  9:14  Roach x2  
  182  9:18  Overlord x3  
  182  9:29  Roach x5  
Show
View Real Time Build Order
Export as new Build Order

JonSnow Zerg 

Build Orders: Hatch First, Zergling Baneling 

Get SALT Encoding   

  12  0:00  Drone  
  13  0:13  Overlord  
  13  0:17  Drone  
  14  0:31  Drone  
  14  0:32  Drone  
  16  0:48  Hatchery  
  15  0:53  Drone  
  16  0:59  Drone  
  17  1:09  Spawning Pool  
  16  1:12  Drone  
  16  1:16  Extractor  
  16  1:19  Drone  
  16  1:21  Drone  
  18  1:28  Drone  
  19  1:44  Drone  
  20  1:53  Overlord  
  20  1:55  Queen  
  20  2:00  Zergling x2, Queen  
  25  2:09  Drone  
  25  2:11  Drone  
  25  2:12  Drone  
  25  2:15  Metabolic Boost  
  28  2:22  Drone x2  
  30  2:38  Hatchery  
  30  2:39  Drone  
  30  2:47  Baneling Nest  
  30  2:49  Drone x2  
  31  2:56  Overlord  
  31  2:57  Zergling x2  
  32  3:02  Zergling x2  
  33  3:06  Zergling x4  
  33  3:07  Zergling x2  
  36  3:18  Zergling x10  
  41  3:23  Zergling x2  
  41  3:26  Overlord  
  42  3:30  Queen  
  44  3:34  Baneling x2  
  44  3:35  Baneling x2  
  44  3:44  Baneling x3  
  44  3:45  Overlord  
  44  4:00  Zergling x14  
  48  4:03  Overlord  
  47  4:10  Zergling x6  
  49  4:20  Zergling x2  
  49  4:21  Zergling x2, Overlord  
  49  4:23  Drone x2  
  53  4:27  Drone  
  53  4:33  Baneling x2  
  53  4:36  Drone x2  
  54  4:41  Drone x2  
  54  4:42  Drone  
  52  4:53  Drone x6  
  52  4:54  Drone  
  59  5:05  Overlord  
  59  5:08  Drone  
  59  5:09  Extractor, Drone  
  59  5:10  Extractor, Roach Warren  
  59  5:11  Baneling x2  
  58  5:18  Overlord  
  56  5:30  Drone  
  56  5:31  Drone  
  56  5:33  Zergling x20  
  56  5:34  Baneling x2  
  68  5:46  Overlord  
  68  6:04  Roach x11  
  70  6:08  Baneling  
  88  6:12  Roach x2  
  88  6:13  Roach  
  88  6:16  Roach  
  93  6:21  Roach x2  
  93  6:23  Drone x2  
  93  6:24  Drone  
  93  6:25  Baneling x2  
  92  6:26  Drone  
  92  6:29  Drone x2  
  94  6:35  Drone x2  
  94  6:36  Evolution Chamber  
  94  6:37  Drone  
  96  6:43  Drone x4  
  100  6:48  Lair  
  98  6:58  Drone x5  
  98  7:01  Extractor, Drone  
  101  7:02  Extractor, Zerg Missile Weapons Level 1  
  101  7:03  Drone  
  101  7:07  Drone x3  
  104  7:10  Drone  
  104  7:14  Overlord  
  105  7:28  Hatchery  
  104  7:31  Overlord  
  104  7:35  Drone  
  104  7:36  Evolution Chamber  
  104  7:43  Drone x2  
  104  7:44  Drone, Overlord x2  
  107  7:45  Extractor, Glial Reconstitution  
  107  7:47  Overseer  
  107  7:49  Roach x5  
  107  7:50  Roach  
  107  7:51  Ravager x3  
  121  7:53  Overlord  
  121  7:54  Overlord  
  121  8:03  Roach x5  
  131  8:10  Baneling  
  131  8:11  Roach  
  131  8:12  Roach x3  
  139  8:17  Roach  
  139  8:18  Roach x2  
  145  8:24  Roach x3  
  135  8:28  Roach x2  
  135  8:34  Roach x4  
  133  8:36  Roach  
  127  8:41  Roach x2  
  127  8:44  Roach  
  123  8:50  Hydralisk Den  
  123  8:52  Roach x3  
  123  8:53  Roach  
  130  8:58  Roach x3  
  130  9:00  Ravager x2  
  140  9:02  Roach  
  140  9:06  Roach x2  
  142  9:15  Roach x5  
  149  9:28  Roach x2  
Tags
 
Add a new tag
Caveats
  • Supply blocks, unpowered buildings, or Contaminate may cause inaccurate times.
  • Supply counts are checked every 10 seconds.